[ AOE2 MATCH · #507273868 ]
UnrankedBerbers vs Wei
Player's team · LOSS
[ REPLAY ANALYSIS · EXTRACTED FROM THE RECORDED GAME ]
Feudal
11:58
Castle
22:04
Imperial
—
| APM avg | 40.0 |
| APM peak | 119 |
| eAPM avg | 16.4 |
| Villagers / military | 60 / 21 |
Focus
⚔️ 22.2% · 🌾 77.8%
Camel Archer ×14 · Archer ×4 · Knight ×2 · Monk ×1
Feudal
13:54
Castle
23:09
Imperial
—
| APM avg | 44.6 |
| APM peak | 106 |
| eAPM avg | 23.7 |
| Villagers / military | 66 / 4 |
Focus
⚔️ 24.8% · 🌾 75.2%
Unknown (1949) ×13 · Unknown (1952) ×13 · Battering Ram ×3 · Unknown (1944) ×2 · Spearman ×1
Match map
Initial resources + every placement click. Lines = walls · curves = elevation contours. ◆ gold · ⬟ stone · ● berries · ✦ relic · ◌ wall gap
Your base· Open — unwalled flank
虎头彪's base· ✓ Closed at 23:09 · 42t walls · 1 gate(s)
Smoothed initial terrain · ◌ = detected wall gap · hover for details
Inputs per minute
— BarddoK - - 虎头彪
Build order — BarddoK
144 actions detected in the replay
| 0:02 | Build | House |
| 0:02 | Build | House |
| 0:03 | Queue | Villager (Male) |
| 0:03 | Queue | Villager (Male) |
| 0:20 | Queue | Villager (Male) |
| 0:20 | Queue | Villager (Male) |
| 1:35 | Queue | Villager (Male) |
| 1:47 | Build | Lumber Camp |
| 1:59 | Queue | Villager (Male) |
| 1:59 | Queue | Villager (Male) |
| 2:24 | Queue | Villager (Male) |
| 2:24 | Queue | Villager (Male) |
| 2:43 | Build | House |
| 3:00 | Queue | Villager (Male) |
| 3:00 | Queue | Villager (Male) |
| 3:03 | Queue | Villager (Male) |
| 3:22 | Research | Loom |
| 3:59 | Queue | Villager (Male) |
| 3:59 | Queue | Villager (Male) |
| 4:11 | Queue | Villager (Male) |
| 4:30 | Queue | Villager (Male) |
| 4:30 | Queue | Villager (Male) |
| 5:03 | Queue | Villager (Male) |
| 5:26 | Queue | Villager (Male) |
| 5:53 | Queue | Villager (Male) |
| 5:53 | Queue | Villager (Male) |
| 6:35 | Queue | Villager (Male) |
| 6:35 | Queue | Villager (Male) |
| 7:13 | Build | House |
| 8:12 | Queue | Villager (Male) |
| 8:13 | Queue | Villager (Male) |
| 9:19 | Build | Mill |
| 9:20 | Queue | Villager (Male) |
| 9:39 | Build | Mining Camp |
| 9:49 | Research | Feudal Age |
| 9:59 | Build | Barracks |
| 10:16 | Build | Mining Camp |
| 10:19 | Build | House |
| 10:21 | Build | House |
| 11:57 | Queue | Villager (Male) |
| 11:58 | Age | Feudal Age |
| 12:00 | Build | Archery Range |
| 12:09 | Research | Double-Bit Axe |
| 12:14 | Queue | Villager (Male) |
| 12:30 | Queue | Villager (Male) |
| 12:31 | Queue | Archer |
| 12:31 | Queue | Archer |
| 12:53 | Queue | Villager (Male) |
| 13:01 | Build | Blacksmith |
| 13:10 | Queue | Archer |
| 13:22 | Queue | Villager (Male) |
| 13:25 | Build | House |
| 13:27 | Build | Palisade Wall |
| 14:13 | Research | Fletching |
| 14:37 | Build | Market |
| 15:05 | Queue | Villager (Male) |
| 15:20 | Research | Horse Collar |
| 15:21 | Queue | Villager (Male) |
| 15:43 | Build | Farm |
| 15:46 | Build | Farm |
| 15:50 | Build | Farm |
| 15:51 | Queue | Villager (Male) |
| 16:24 | Queue | Villager (Male) |
| 16:27 | Build | Farm |
| 16:31 | Build | Farm |
| 16:34 | Build | Farm |
| 16:35 | Queue | Villager (Male) |
| 16:35 | Queue | Villager (Male) |
| 16:55 | Queue | Villager (Male) |
| 16:58 | Build | Farm |
| 17:19 | Queue | Villager (Male) |
| 17:21 | Build | Farm |
| 17:30 | Build | Farm |
| 17:31 | Build | Farm |
| 17:32 | Build | Farm |
| 17:33 | Build | Farm |
| 17:37 | Queue | Villager (Male) |
| 17:52 | Build | House |
| 18:17 | Queue | Villager (Male) |
| 18:18 | Build | Farm |
| 18:23 | Build | Farm |
| 18:26 | Build | House |
| 18:28 | Build | Palisade Wall |
| 18:35 | Queue | Villager (Male) |
| 19:24 | Research | Castle Age |
| 20:11 | Build | Stable |
| 20:11 | Build | Stable |
| 20:23 | Queue | Archer |
| 20:43 | Research | Scale Barding Armor |
| 20:49 | Research | Bloodlines |
| 20:52 | Build | Lumber Camp |
| 21:43 | Queue | Villager (Male) |
| 21:43 | Queue | Villager (Male) |
| 21:44 | Queue | Villager (Male) |
| 21:44 | Queue | Villager (Male) |
| 21:55 | Queue | Villager (Male) |
| 21:55 | Queue | Villager (Male) |
| 22:04 | Age | Castle Age |
| 22:05 | Queue | Knight |
| 22:05 | Queue | Knight |
| 22:16 | Build | Town Center |
| 22:28 | Build | Castle |
| 22:38 | Research | Heavy Plow |
| 23:00 | Build | Mining Camp |
| 23:18 | Queue | Villager (Male) |
| 23:30 | Build | Monastery |
| 23:31 | Build | House |
| 23:32 | Build | House |
| 23:32 | Build | House |
| 23:32 | Build | House |
| 23:33 | Build | House |
| 23:33 | Build | House |
| 24:04 | Queue | Monk |
| 24:15 | Queue | Villager (Male) |
| 24:16 | Queue | Villager (Male) |
| 24:16 | Queue | Villager (Male) |
| 25:10 | Queue | Camel Archer |
| 25:10 | Queue | Camel Archer |
| 25:10 | Queue | Camel Archer |
| 25:10 | Queue | Camel Archer |
| 25:11 | Queue | Camel Archer |
| 25:11 | Queue | Camel Archer |
| 25:11 | Queue | Camel Archer |
| 25:11 | Queue | Camel Archer |
| 25:12 | Queue | Camel Archer |
| 25:12 | Queue | Camel Archer |
| 25:32 | Queue | Villager (Male) |
| 25:34 | Queue | Villager (Male) |
| 25:34 | Queue | Villager (Male) |
| 25:56 | Queue | Camel Archer |
| 25:56 | Queue | Camel Archer |
| 25:57 | Queue | Camel Archer |
| 25:57 | Queue | Camel Archer |
| 26:07 | Build | University |
| 26:11 | Research | Bodkin Arrow |
| 26:27 | Queue | Villager (Male) |
| 27:07 | Queue | Villager (Male) |
| 27:07 | Queue | Villager (Male) |
| 27:11 | Research | Ballistics |
| 27:20 | Queue | Villager (Male) |
| 27:20 | Queue | Villager (Male) |
| 27:23 | Build | Farm |
| 28:42 | Research | Town Watch |
| 29:01 | Build | Siege Workshop |
Build order — 虎头彪
First 150 of 182 actions detected
| 0:01 | Queue | Villager (Male) |
| 0:01 | Queue | Villager (Male) |
| 0:01 | Queue | Villager (Male) |
| 0:02 | Queue | Villager (Male) |
| 0:02 | Build | House |
| 0:05 | Build | House |
| 1:30 | Queue | Villager (Male) |
| 1:50 | Build | Lumber Camp |
| 1:59 | Queue | Villager (Male) |
| 2:00 | Queue | Villager (Male) |
| 2:15 | Queue | Villager (Male) |
| 2:16 | Queue | Villager (Male) |
| 3:13 | Queue | Villager (Male) |
| 3:13 | Queue | Villager (Male) |
| 4:05 | Research | Loom |
| 4:09 | Build | Mill |
| 4:41 | Queue | Villager (Male) |
| 4:44 | Queue | Villager (Male) |
| 4:44 | Queue | Villager (Male) |
| 5:27 | Queue | Villager (Male) |
| 5:37 | Queue | Villager (Male) |
| 5:41 | Build | House |
| 5:55 | Queue | Villager (Male) |
| 5:55 | Queue | Villager (Male) |
| 6:07 | Queue | Villager (Male) |
| 6:11 | Queue | Villager (Male) |
| 6:11 | Queue | Villager (Male) |
| 6:23 | Queue | Villager (Male) |
| 6:53 | Queue | Villager (Male) |
| 7:18 | Build | House |
| 7:42 | Queue | Villager (Male) |
| 8:22 | Queue | Villager (Male) |
| 8:25 | Queue | Villager (Male) |
| 8:52 | Build | Palisade Wall |
| 9:18 | Queue | Villager (Male) |
| 9:24 | Queue | Villager (Male) |
| 9:29 | Queue | Villager (Male) |
| 9:51 | Build | Barracks |
| 9:57 | Build | House |
| 10:00 | Build | Palisade Wall |
| 10:02 | Queue | Villager (Male) |
| 10:11 | Queue | Villager (Male) |
| 10:37 | Queue | Villager (Male) |
| 10:54 | Queue | Villager (Male) |
| 11:44 | Research | Feudal Age |
| 12:00 | Build | Lumber Camp |
| 12:08 | Build | Palisade Gate |
| 12:12 | Build | Palisade Wall |
| 12:14 | Queue | Villager (Male) |
| 12:20 | Build | House |
| 12:23 | Build | Palisade Wall |
| 12:35 | Queue | Villager (Male) |
| 12:45 | Build | House |
| 12:47 | Build | Palisade Wall |
| 13:11 | Build | Palisade Wall |
| 13:50 | Build | Mining Camp |
| 13:54 | Age | Feudal Age |
| 13:59 | Queue | Spearman |
| 14:03 | Build | Stable |
| 14:20 | Research | Double-Bit Axe |
| 14:22 | Research | Horse Collar |
| 14:27 | Build | Farm |
| 14:28 | Build | Farm |
| 14:28 | Build | Farm |
| 14:28 | Build | Farm |
| 14:29 | Build | Farm |
| 14:46 | Queue | Villager (Male) |
| 15:03 | Build | Farm |
| 15:03 | Build | Farm |
| 15:03 | Build | Farm |
| 15:03 | Build | Farm |
| 15:11 | Queue | Villager (Male) |
| 15:18 | Build | Palisade Wall |
| 15:54 | Queue | Villager (Male) |
| 15:56 | Build | Mining Camp |
| 16:09 | Queue | Villager (Male) |
| 16:14 | Queue | Villager (Male) |
| 16:19 | Build | Farm |
| 16:26 | Build | Archery Range |
| 16:37 | Queue | Villager (Male) |
| 16:46 | Build | Farm |
| 16:49 | Build | Farm |
| 16:50 | Build | Farm |
| 16:50 | Build | Farm |
| 17:03 | Build | Farm |
| 17:06 | Build | Farm |
| 17:10 | Queue | Villager (Male) |
| 17:26 | Queue | Villager (Male) |
| 17:30 | Build | Farm |
| 17:34 | Queue | Villager (Male) |
| 17:43 | Build | Market |
| 17:51 | Queue | Villager (Male) |
| 17:53 | Queue | Villager (Male) |
| 17:56 | Build | Farm |
| 17:57 | Queue | Villager (Male) |
| 18:03 | Build | Farm |
| 18:08 | Build | House |
| 18:09 | Build | House |
| 18:13 | Queue | Villager (Male) |
| 18:20 | Queue | Villager (Male) |
| 18:31 | Build | Farm |
| 18:32 | Build | Farm |
| 18:35 | Build | Farm |
| 18:46 | Queue | Villager (Male) |
| 18:48 | Build | House |
| 18:57 | Build | Farm |
| 19:05 | Build | Farm |
| 19:11 | Queue | Villager (Male) |
| 19:17 | Build | House |
| 19:23 | Build | House |
| 19:33 | Queue | Villager (Male) |
| 19:44 | Queue | Villager (Male) |
| 19:51 | Queue | Villager (Male) |
| 20:05 | Queue | Villager (Male) |
| 20:29 | Research | Castle Age |
| 20:29 | Research | Castle Age |
| 20:45 | Research | Gold Mining |
| 20:55 | Build | Archery Range |
| 21:06 | Build | Blacksmith |
| 21:16 | Queue | Villager (Male) |
| 21:25 | Research | Stone Mining |
| 21:27 | Queue | Villager (Male) |
| 21:51 | Build | Archery Range |
| 21:56 | Build | House |
| 22:01 | Build | House |
| 22:04 | Build | Palisade Wall |
| 22:07 | Research | Fletching |
| 22:08 | Research | Padded Archer Armor |
| 22:25 | Research | Bloodlines |
| 23:09 | Age | Castle Age |
| 23:23 | Build | Castle |
| 23:35 | Queue | Villager (Male) |
| 23:35 | Queue | Villager (Male) |
| 23:54 | Queue | Villager (Male) |
| 23:57 | Queue | Unit 1952 |
| 23:57 | Queue | Unit 1952 |
| 23:57 | Queue | Unit 1952 |
| 23:57 | Queue | Unit 1952 |
| 23:57 | Queue | Unit 1952 |
| 23:57 | Queue | Unit 1952 |
| 23:57 | Queue | Unit 1952 |
| 24:03 | Queue | Unit 1952 |
| 24:03 | Queue | Unit 1952 |
| 24:03 | Queue | Unit 1952 |
| 24:08 | Build | House |
| 24:10 | Build | House |
| 24:12 | Build | Palisade Wall |
| 24:15 | Build | House |
| 24:17 | Build | House |
| 24:19 | Build | House |
Match timeline
| 8:52 | 虎头彪 · wall_segment Palisade Wall x1 |
| 9:51 | 虎头彪 · first_building Barracks |
| 9:59 | BarddoK · first_building Barracks |
| 10:00 | 虎头彪 · wall_segment Palisade Wall x13 |
| 11:58 | BarddoK · age_up feudal |
| 12:00 | BarddoK · first_building Archery Range |
| 12:12 | 虎头彪 · wall_segment Palisade Wall x11 |
| 12:23 | 虎头彪 · wall_segment Palisade Wall x6 |
| 12:47 | 虎头彪 · wall_segment Palisade Wall x2 |
| 13:11 | 虎头彪 · wall_segment Palisade Wall x7 |
| 13:27 | BarddoK · wall_segment Palisade Wall x6 |
| 13:54 | 虎头彪 · age_up feudal |
| 14:03 | 虎头彪 · first_building Stable |
| 15:17 | BarddoK · first_market_sell 100 stone |
| 15:17 | BarddoK · first_market_buy 100 food |
| 15:18 | 虎头彪 · wall_segment Palisade Wall x1 |
| 16:26 | 虎头彪 · first_building Archery Range |
| 18:28 | BarddoK · wall_segment Palisade Wall x1 |
| 20:11 | BarddoK · first_building Stable |
| 20:20 | 虎头彪 · first_market_sell 100 wood |
| 20:22 | 虎头彪 · first_market_buy 100 food |
| 22:04 | BarddoK · age_up castle |
| 22:04 | 虎头彪 · wall_segment Palisade Wall x1 |
| 22:28 | BarddoK · first_building Castle |
| 23:09 | 虎头彪 · age_up castle |
| 23:23 | 虎头彪 · first_building Castle |
| 23:30 | BarddoK · first_building Monastery |
| 24:12 | 虎头彪 · wall_segment Palisade Wall x1 |
| 24:44 | 虎头彪 · first_building Siege Workshop |
| 29:01 | BarddoK · first_building Siege Workshop |
| 29:11 | BarddoK · resign |
[ AI ANALYSIS · 1 CREDIT ]
What really happened in this match?
Wolo.gg analyzes every decision: build order, eco, micro, common mistakes by bracket. Personalized analysis on WhatsApp or Discord in 30 seconds.
Civ guide
Berbers
Perfil
Jugador #9769680